[Event "*** Titled Tuesday Blitz"]
[Site "Chess.com"]
[Date "2020.04.21"]
[Round "5"]
[White "MPGM"]
[Black "Shazuli9878"]
[Result "0-1"]
[WhiteElo "2538"]
[BlackElo "2407"]
[TimeControl "180+1"]
[EndTime "10:56:48 PDT"]
[Termination "Shazuli9878 won on time"]

1. Nf3 d5 2. c4 dxc4 3. e3 Nf6 4. Bxc4 e6 5. d4 a6 6. O-O b5 7. Bd3 Bb7 8. a4 b4 9. Nbd2 c5 10. e4 c4 11. Nxc4 Nxe4 12. Re1 Nf6 13. a5 Be7 14.
Qa4+ Bc6 15. Qb3 O-O 16. Bd2 Bxf3 17. gxf3 Qxd4 18. Bg5 Nd5 19. Re4 Qc5 20. Bd2 Nc6 21. Rc1 Nxa5 22. Qd1 Nxc4 23. Rcxc4 Qb6 24. Rg4 Rfd8 25.
Qc2 Nf6 26. Rh4 g6 27. Be3 Qd6 28. Rhd4 Qe5 29. Rxd8+ Rxd8 30. f4 Qa5 31. Rc7 Nd5 32. Rc8 Nxe3 33. fxe3 Kg7 34. Rxd8 Bxd8 35. Kf2 Bf6 36. b3 Bc3 37. Qe2 Qd8 38. Bxa6 Qh4+ 39.
Kg2 h5 40. Bd3 Qd8 41. Bc4 Qa8+ 42. Qf3 Qa2+ 43. Qf2 Qb1 44. Qe2 Qe4+ 45. Qf3 Qc2+ 46. Qf2 Qc1 47. Qe2 Bd2 48. Kf2 Bc3 49. Kg2 h4 50.
Kf2 Qh1 0-1

[Event "*** Titled Tuesday Blitz"]
[Site "Chess.com"]
[Date "2020.04.21"]
[Round "5"]
[White "Gajuchess"]
[Black "agus_k"]
[Result "0-1"]
[WhiteElo "2718"]
[BlackElo "2606"]
[TimeControl "180+1"]
[EndTime "10:56:49 PDT"]
[Termination "agus_k won on time"]

1. d4 Nf6 2. c4 e6 3. Nf3 b6 4.
e3 Bb7 5. Bd3 g6 6. Nc3 Bg7 7.
e4 O-O 8. h3 d5 9. e5 Ne4 10. h4 c5 11. cxd5 exd5 12. dxc5 Nxc3 13. bxc3 bxc5 14. h5 Nd7 15. hxg6 fxg6 16. e6 Qe7 17. Kf1 Qxe6 18. Rxh7 Rxf3 19. Rxg7+ Kxg7 20. Qxf3 Rh8 21. Kg1 Ne5 22. Qe2 Qf6 23. Rb1 Ba8 24. Bc2 d4 25. f4 Nf7 26. Qf2 Nh6 27. f5 Ng4 28.
Qg3 Rh2 29. Qc7+ Qf7 30. f6+ Kxf6 31. Qxh2 Nxh2 32. Kxh2 Qd5 0-1

[Event "*** Titled Tuesday Blitz"]
[Site "Chess.com"]
[Date "2020.04.21"]
[Round "5"]
[White "SCIM"]
[Black "RD4ever"]
[Result "0-1"]
[WhiteElo "2538"]
[BlackElo "2828"]
[TimeControl "180+1"]
[EndTime "10:56:49 PDT"]
[Termination "RD4ever won by checkmate"]

1. d4 Nf6 2. c4 g6 3. Nc3 d5 4. Bg5 Ne4 5. Bh4 Nxc3 6. bxc3 dxc4 7. e3 Be6 8. Nh3 Bh6 9. Ng5 Bd5 10. e4 Bxg5 11. Bxg5 Bxe4 12. Bxc4 Bxg2 13. Rg1 Bd5 14. Bd3 Qd6 15. Qe2 Nc6 16. Rb1 O-O-O 17. Rg3 f6 18.
Be3 e5 19. Qb2 b6 20. Kf1 exd4 21. cxd4 Rhe8 22. a4 Na5 23. Qc3 Bb7 24. Bb5 Re7 25.
Rc1 Kb8 26. Be2 Ka8 27. Bf3 Bxf3 28. Rxf3 Qd5 29. Rxf6 Rde8 30. Rf4 Qh1+ 31. Ke2 Qxh2 32. Rf3 Qh5 33. Rg1 Rf7 34. Rg3 Ref8 35. Bd2 Kb7 36. d5 Qxd5 37. Re3 Rxf2+ 38. Ke1 Rf1+ 39. Ke2 R8f2# 0-1

[Event "*** Titled Tuesday Blitz"]
[Site "Chess.com"]
[Date "2020.04.21"]
[Round "5"]
[White "Zq1"]
[Black "Camels1981"]
[Result "1-0"]
[WhiteElo "2570"]
[BlackElo "2082"]
[TimeControl "180+1"]
[EndTime "10:56:50 PDT"]
[Termination "Zq1 won by resignation"]

1. d4 Nf6 2. c4 g6 3. Nc3 Bg7 4. e4 O-O 5. Nf3 d6 6. Be2 e5 7.
O-O Nc6 8. d5 Ne7 9. Ne1 Nd7 10.
Be3 f5 11. f3 f4 12. Bf2 g5 13. Nb5 Ng6 14. Nxa7 Nf6 15. Nxc8 Qxc8 16. c5 h5 17. cxd6 cxd6 18. Rc1 Qd7 19. Qb3 g4 20. Bb6 gxf3 21. gxf3 Nh4 22. Rf2 Kh8 23. Rc7 Qe8 24. Ng2 Ng6 25.
Bb5 Qb8 26. Rfc2 Nxe4 27. fxe4 f3 28. Ne3 Qd8 29. Nf5 Qg5+ 30. Kh1 Rxf5 31. exf5 Rf8 32. Qxf3 e4 33. Qg3 Qxf5 34. Rf2 Qxd5 35. Rxf8+ Bxf8 36. Qxg6 e3+ 37. Qg2 Qxb5 38. Rf7 Bh6 39. Bd4+ 1-0

[Event "*** Titled Tuesday Blitz"]
[Site "Chess.com"]
[Date "2020.04.21"]
[Round "5"]
[White "ChelsieMonica"]
[Black "Kaponov"]
[Result "1-0"]
[WhiteElo "2311"]
[BlackElo "2118"]
[TimeControl "180+1"]
[EndTime "10:56:51 PDT"]
[Termination "ChelsieMonica won by resignation"]

1. c4 c5 2. Nc3 Nf6 3. Nf3 d5 4. cxd5 Nxd5 5. e3 Nc6 6. Bc4 Nc7 7. O-O e5 8. Re1 Be7 9. d4 cxd4 10. exd4 exd4 11.
Nb5 O-O 12. Bf4 Nxb5 13. Bxb5 Bf6 14. Rc1 Qb6 15. Bc4 Bg4 16. h3 Bh5 17. g4 Bg6 18. g5 Be7 19. Qb3 Bb4 20. Bd2 Bxd2 21. Nxd2 Qc7 22. Bd5 Qf4 23. Nf3 Bh5 24. Qxb7 Na5 25. Qxa8 Rxa8 26. Bxa8 h6 27. Rc8+ Kh7 28. Be4+ Bg6 29.
Bxg6+ Kxg6 30. Ne5+ Kh5 31. Rc5 Kh4 32. Rxa5 Kxh3 33.
Nf3 Qxf3 34. Ra3 d3 35. Re3 Qxe3 36. fxe3 hxg5 37. Rxd3 f5 38. Rd7 1-0

[Event "*** Titled Tuesday Blitz"]
[Site "Chess.com"]
[Date "2020.04.21"]
[Round "5"]
[White "Morshynska"]
[Black "steepedgames"]
[Result "0-1"]
[WhiteElo "2116"]
[BlackElo "2333"]
[TimeControl "180+1"]
[EndTime "10:56:51 PDT"]
[Termination "steepedgames won on time"]

1. e4 e6 2. d3 d5 3. Nd2 Nf6 4.
Qe2 Nc6 5. Ngf3 dxe4 6. dxe4 Bc5 7. Nb3 Bb6 8. Be3 e5 9. h3 O-O 10. g4 Qe7 11. c3 Be6 12. Ng5 Bd7 13. Bg2 Rfe8 14.
O-O Rad8 15. Kh1 Bxe3 16. Qxe3 Bxg4 17. f4 exf4 18. Rxf4 Bh5 19. Qg1 Bg6 20. Raf1 Nh5 21. Rg4 Ne5 22. Bf3 Nxg4 23. Qxg4 Qd7 24. Qg2 Nf4 25.
Qg3 Ne6 26. h4 Nxg5 27. hxg5 Qd6 28. Qg2 Re5 29. Nd4 Qe7 30. Nf5 Bxf5 31. exf5 Re1 32. Rg1 Rxg1+ 33. Qxg1 Rd3 34. Qg2 Qe1+ 35. Kh2 Qe5+ 36.
Kh3 Qxf5+ 37. Qg4 Rxf3+ 0-1

[Event "*** Titled Tuesday Blitz"]
[Site "Chess.com"]
[Date "2020.04.21"]
[Round "5"]
[White "Algeriano22"]
[Black "sergiochess83"]
[Result "0-1"]
[WhiteElo "2626"]
[BlackElo "2815"]
[TimeControl "180+1"]
[EndTime "10:56:52 PDT"]
[Termination "sergiochess83 won on time"]

1. e4 c6 2. d4 d5 3. e5 Bf5 4. h4 h6 5. g4 Bd7 6. h5 c5 7. c3 Nc6 8. f4 cxd4 9. cxd4 Qb6 10.
Be3 Qxb2 11. Nd2 Bxg4 12. Rb1 Bxd1 13. Rxb2 Ba4 14. Rxb7 e6 15. Ne2 Bb4 16. f5 Nge7 17. fxe6 fxe6 18. a3 Bxa3 19. Nc3 Nf5 20. Nxa4 Nxe3 21. Bb5 Nc2+ 22. Kd1 Nxd4 23. Bxc6+ Nxc6 24. Rxg7 Be7 25. Nb3 Rb8 26. Nbc5 Rb1+ 27. Kc2 Rxh1 28. Nxe6 Rxh5 29. Nc7+ Kd8 30. Nxd5 Rxe5 31. Nac3 h5 32. Nf4 h4 33. Ng6 Rg5 34. Ne4 Rxg6 35. Kd3 h3 36.
Rxg6 Ne5+ 0-1

[Event "*** Titled Tuesday Blitz"]
[Site "Chess.com"]
[Date "2020.04.21"]
[Round "5"]
[White "JiaHaoxiang"]
[Black "vugarrasulov"]
[Result "1/2-1/2"]
[WhiteElo "2579"]
[BlackElo "2717"]
[TimeControl "180+1"]
[EndTime "10:56:53 PDT"]
[Termination "Game drawn by stalemate"]

1. Nf3 Nf6 2. c4 g6 3. d4 Bg7 4. g3 O-O 5. Bg2 d5 6. O-O Nc6 7. e3 dxc4 8. Na3 e5 9. dxe5 Qxd1 10. Rxd1 Ng4 11. Nxc4 Be6 12. h3 Nxf2 13. Kxf2 Bxc4 14. b3 Be6 15. Bb2 Rfd8 16. Nd4 Nxd4 17. exd4 Bd5 18. Bf1 a5 19. Rd3 a4 20. b4 a3 21. Rxa3 Rxa3 22.
Bxa3 Bf8 23. Rc1 c6 24. Rc3 Bxa2 25. b5 cxb5 26. Bxf8 Kxf8 27. Ke3 b4 28. Rc7 Bd5 29. Bc4 Bxc4 30. Rxc4 b5 31. Rxb4 Rb8 32. Ke4 Ke7 33.
d5 f6 34. exf6+ Kxf6 35. Kd4 Kf5 36. g4+ Kf6 37. h4 h5 38. gxh5 gxh5 39. Ke4 Ke7 40. Ke5 Kd7 41. Ke4 Kd6 42. Kd4 Rb7 43. Rb3 b4 44. Kc4 Rg7 45. Rxb4 Rg4+ 46. Kc3 Ke5 47. Rxg4 hxg4 48. d6 Kxd6 49. Kd4 Ke6 50. Ke4 g3 51. Kf3 Kf5 52. Kxg3 Kg6 53. h5+ Kh6 54. Kh4 Kh7 55. Kg5 Kg7 56. h6+ Kh7 57. Kh5 Kh8 58. Kg6 Kg8 59.
h7+ Kh8 60. Kh6 1/2-1/2

[Event "*** Titled Tuesday Blitz"]
[Site "Chess.com"]
[Date "2020.04.21"]
[Round "5"]
[White "wadsy27"]
[Black "archess2"]
[Result "1-0"]
[WhiteElo "2485"]
[BlackElo "2225"]
[TimeControl "180+1"]
[EndTime "10:56:53 PDT"]
[Termination "wadsy27 won by resignation"]

1. Nf3 d5 2. g3 g6 3. c4 c6 4. Bg2 Bg7 5. O-O Nf6 6. b3 O-O 7.
Bb2 Re8 8. d3 Bf5 9. Qc2 Na6 10.
a3 Rc8 11. Nbd2 Nd7 12. Bxg7 Kxg7 13. Nd4 Bg4 14. h3 e5 15. Nxc6 bxc6 16. hxg4 Qg5 17. Bf3 Nf6 18. Rac1 Nc5 19. b4 Ne6 20. e3 Nxg4 21. Bxg4 Qxg4 22. Qd1 Qf5 23. Nf3 e4 24. dxe4 dxe4 25. Nd4 Qf6 26. Nxe6+ Rxe6 27. Qd4 Rd8 28. Qxf6+ Kxf6 29. c5 Rd3 30. a4 a6 31. Rfd1 Ra3 32.
b5 axb5 33. axb5 Rb3 34. b6 Re8 35. Rd6+ Ke5 36. Rxc6 Kd5 37. Rd6+ Ke5 38. Rcd1 Kf5 39. R1d5+ Kg4 40. Rf6 g5 41. Kg2 h5 42. Rxf7 Rb1 43. Rg7 1-0

[Event "*** Titled Tuesday Blitz"]
[Site "Chess.com"]
[Date "2020.04.21"]
[Round "5"]
[White "Raja3401"]
[Black "nabukatnezarr"]
[Result "1-0"]
[WhiteElo "2704"]
[BlackElo "2489"]
[TimeControl "180+1"]
[EndTime "10:56:54 PDT"]
[Termination "Raja3401 won on time"]

1. e4 c5 2. Nf3 Nc6 3. Bb5 a6 4.
Bxc6 dxc6 5. O-O Qc7 6. c3 e5 7. d4 exd4 8. cxd4 cxd4 9. Nxd4 Nf6 10. e5 Nd5 11. Nd2 Be7 12. f4 O-O 13. N2f3 Bc5 14.
Kh1 Bg4 15. h3 Bxf3 16. Nxf3 Rad8 17. Qc2 Ba7 18. f5 Nb4 19. Qe4 Nd3 20. f6 Rfe8 21. fxg7 Nf2+ 22. Rxf2 Rd1+ 23. Kh2 Bxf2 24. Qc2 Bg1+ 25.
Kh1 Red8 26. Nxg1 Qxe5 27. Bf4 Qe1 28. Rxd1 Rxd1 29. Bh2 Kxg7 30. Qf5 Rb1 31. Be5+ Kf8 32. Bd6+ Kg7 33. Qg5+ 1-0

[Event "*** Titled Tuesday Blitz"]
[Site "Chess.com"]
[Date "2020.04.21"]
[Round "5"]
[White "Chessalary"]
[Black "flomarechot"]
[Result "1-0"]
[WhiteElo "2252"]
[BlackElo "2104"]
[TimeControl "180+1"]
[EndTime "10:56:54 PDT"]
[Termination "Chessalary won by resignation"]

1. e4 c6 2. Nf3 d5 3. exd5 cxd5 4. d4 Nf6 5. c3 Bg4 6. Bd3 e6 7. O-O Be7 8. Bf4 O-O 9. Nbd2 Nc6 10. h3 Bh5 11. Re1 Bg6 12. Nf1 Qb6 13. Bxg6 hxg6 14. Qb3 Qxb3 15. axb3 Ne4 16. Ng3 Nxg3 17. Bxg3 Bf6 18.
b4 a6 19. Ne5 Bxe5 20. Bxe5 Nxe5 21. Rxe5 Rac8 22. Ra5 Rc7 23. Kf1 Rfc8 24. Ke2 Kf8 25. Kd3 Ke7 26. f4 Kd6 27. b5 axb5 28. Rxb5 Ra8 29. g4 Ra1 30. f5 gxf5 31. gxf5 Rh1 32. fxe6 fxe6 33. Rb6+ Rc6 34. Rxb7 Rxh3+ 35. Kc2 Rg3 36.
Rh5 Rg4 37. Kb3 Rc7 38. Rb6+ Rc6 39. Rb8 Rg2 40. Rhh8 Rc7 41. Rhe8 Re2 42. Red8+ Rd7 43. Rxd7+ Kxd7 44. Rb7+ Kc6 45. Rxg7 e5 46. dxe5 Rxe5 47. Kc2 Re2+ 48. Kb3 Re3 49. Rg8 d4 50. Rc8+ Kb7 51.
Rc4 dxc3 52. bxc3 Re1 53. Kb4 Kb6 54. Rh4 Rb1+ 55. Kc4 Rf1 56. Rh6+ Kc7 57. Kb5 Rf5+ 58. Kb4 Rf1 59. c4 Rf4 60. Kb5 Rf5+ 61. c5 Rf7 62.
Ra6 Rf1 63. Ra7+ Kb8 64. Rh7 Rf8 65. Kb6 Rf6+ 66. c6 Rf8 67. Ra7 Rf6 68. Rh7 Rf8 69.
Kc5 Rf5+ 70. Kd6 Rf6+ 71. Kd5 Rf5+ 72. Ke6 Rc5 73. Kd6 Rc1 74. Rh8+ Ka7 75. c7 Rd1+ 76. Ke5 Kb7 77. c8=Q+ 1-0

[Event "*** Titled Tuesday Blitz"]
[Site "Chess.com"]
[Date "2020.04.21"]
[Round "5"]
[White "Sjakkerntobi"]
[Black "earling8018"]
[Result "0-1"]
[WhiteElo "2212"]
[BlackElo "2055"]
[TimeControl "180+1"]
[EndTime "10:56:54 PDT"]
[Termination "earling8018 won by resignation"]

1. e4 e5 2. Nf3 Nc6 3. Bb5 a6 4. Ba4 Nf6 5. O-O Be7 6. Re1 b5 7. Bb3 d6 8. a4 Bb7 9. d3 O-O 10. Nbd2 Qd7 11. Nf1 Na5 12. Ba2 c5 13. Ng3 Rfe8 14.
Bd2 b4 15. Ng5 Rf8 16. Nf5 Nc6 17. c3 a5 18. f4 h6 19. Nf3 Rfe8 20. Rf1 Bf8 21.
Qe1 Ba6 22. Qg3 Kh8 23. Ne1 Nh5 24. Qh3 Nxf4 25. Bxf4 exf4 26. Rxf4 g6 27. Ne3 Qxh3 28. gxh3 Ne5 29. Bxf7 Re7 30. Bd5 Rd8 31. d4 cxd4 32. cxd4 Nd3 33. Nxd3 Bxd3 34. Rd1 Ba6 35. Rf6 Kh7 36.
e5 dxe5 37. dxe5 Bg7 38. Bg8+ Rxg8 39. Rd8 Rxd8 40. Ng4 Bxf6 0-1

[Event "*** Titled Tuesday Blitz"]
[Site "Chess.com"]
[Date "2020.04.21"]
[Round "5"]
[White "Galileo22"]
[Black "CMS13"]
[Result "1-0"]
[WhiteElo "2327"]
[BlackElo "2127"]
[TimeControl "180+1"]
[EndTime "10:56:55 PDT"]
[Termination "Galileo22 won by resignation"]

1. Nf3 d5 2. g3 Nf6 3. Bg2 Bg4 4.
O-O Nbd7 5. d3 e6 6. Qe1 c6 7. e4 Qc7 8. e5 Bxf3 9. exf6 Bxg2 10.
fxg7 Bxg7 11. Kxg2 O-O-O 12. Nd2 h5 13. f4 h4 14. g4 h3+ 15. Kh1 e5 16. f5 Bf6 17.
Nf3 Rdg8 18. g5 Be7 19. f6 Bd6 20. Bd2 Nc5 21. b4 Ne6 22. c4 dxc4 23. dxc4 Nd4 24. c5 Nxf3 25. Rxf3 Bf8 26. Qe4 Qd7 27. Rd3 Qe6 28.
Be3 Rh5 29. Rg1 b6 30. a3 bxc5 31. bxc5 Qa2 32. Qf5+ Qe6 33. Qe4 Kc7 34. Qa4 Kb8 35. Rb1+ Ka8 36. Rd8+ 1-0

[Event "*** Titled Tuesday Blitz"]
[Site "Chess.com"]
[Date "2020.04.21"]
[Round "5"]
[White "sganerdene"]
[Black "Indianlad"]
[Result "0-1"]
[WhiteElo "2663"]
[BlackElo "2984"]
[TimeControl "180+1"]
[EndTime "10:56:56 PDT"]
[Termination "Indianlad won by resignation"]

1. e4 e5 2. Nf3 Nc6 3. Nc3 Nf6 4. Bb5 Nd4 5. Ba4 c6 6. O-O d6 7. h3 b5 8. Bb3 a5 9. a3 Nxb3 10. cxb3 Be7 11. d4 Qc7 12. Qc2 Qb8 13. Rd1 O-O 14. Bg5 h6 15. Bh4 Re8 16. Bg3 Nd7 17. Ne2 Bb7 18. dxe5 Nxe5 19. Nxe5 dxe5 20. Nd4 Ra6 21.
Nf5 Bf8 22. Rac1 g6 23. Ne3 h5 24. Qc3 Bc8 25. Rd3 b4 26. axb4 Bxb4 27. Qc2 Rb6 28.
Nc4 Rb5 29. Rcd1 Be6 30. Nxe5 Rxe5 31. Qxc6 Rc5 32. Qxc5 Bxc5 33. Bxb8 Rxb8 34. Rd8+ Rxd8 35. Rxd8+ Kg7 36. Rd3 Kf6 37. Kf1 Ke5 38. f3 g5 39. Ke2 h4 40. Kd2 Bd4 41. Kc2 f6 42. Rd1 Bc5 43. Ra1 Bb4 44. Rd1 Kf4 45. Rd8 Kg3 46.
Re8 Bd7 47. e5 Bxe8 0-1

[Event "*** Titled Tuesday Blitz"]
[Site "Chess.com"]
[Date "2020.04.21"]
[Round "5"]
[White "Shaman91"]
[Black "lucliasco"]
[Result "0-1"]
[WhiteElo "2839"]
[BlackElo "2650"]
[TimeControl "180+1"]
[EndTime "10:56:56 PDT"]
[Termination "lucliasco won by checkmate"]

1. e4 e5 2. Nf3 d6 3. Bc4 Be7 4.
O-O Nf6 5. d3 O-O 6. Re1 Nc6 7.
a4 Be6 8. Bxe6 fxe6 9. c3 a6 10. h3 Qd7 11. Be3 d5 12. Nbd2 Rad8 13. Qb3 Na5 14. Qc2 Nc6 15. Bg5 h6 16. Bh4 Nh5 17.
Bxe7 Qxe7 18. b4 Nf4 19. b5 Nb8 20. exd5 Rxd5 21. bxa6 Nxa6 22. d4 exd4 23. cxd4 Qf6 24. Rab1 c5 25. Rxb7 cxd4 26. Qc6 Nc5 27. Rb5 Ncd3 28.
Reb1 Qg6 29. g3 Nxh3+ 30. Kf1 Ndxf2 31. Rb8 Rf5 32. Rxf8+ Rxf8 33. Qd6 Ne4 34. Nxe4 Qxe4 35. Kg2 Ng5 36. Rb8 Qxf3+ 37. Kg1 Qd1+ 38. Kh2 Qe2+ 39. Kh1 Qf1+ 40. Kh2 Nf3# 0-1

[Event "*** Titled Tuesday Blitz"]
[Site "Chess.com"]
[Date "2020.04.21"]
[Round "5"]
[White "SantoBlue"]
[Black "Dinamo81"]
[Result "1-0"]
[WhiteElo "2820"]
[BlackElo "2628"]
[TimeControl "180+1"]
[EndTime "10:56:56 PDT"]
[Termination "SantoBlue won by resignation"]

1. e4 e6 2. d4 d5 3. Nd2 c5 4.
Ngf3 Nc6 5. Bb5 cxd4 6. Nxd4 Bd7 7. Nxc6 bxc6 8. Bd3 Qc7 9. Nf3 Nf6 10. e5 Ne4 11.
Qe2 Nc5 12. O-O h6 13. Be3 Nxd3 14. cxd3 Be7 15. Rac1 O-O 16. Bc5 Bxc5 17. Rxc5 Qb6 18. Rfc1 Rfb8 19. b3 a5 20. Nd4 Ra6 21. a4 Qb4 22.
Qe3 Be8 23. h4 Qa3 24. h5 Rab6 25. Rxa5 Qb2 26. Rac5 Rb4 27. Nxc6 Bxc6 28. Rxc6 Rxb3 29. a5 Ra3 30. a6 Ra1 31. Rxa1 Qxa1+ 32. Kh2 Ra8 33.
Qf4 Qa5 34. d4 Qd8 35. Rd6 Qc8 36. Qh4 Kh7 37. Qe7 Kg8 38. a7 Qc1 39. Rd8+ Kh7 40. Rxa8 Qf4+ 41. Kh3 Qf5+ 42. Kg3 Qd3+ 43. f3 Qe3 44. Rh8+ Kxh8 45. a8=Q+ Kh7 46. Qa1 f6 47.
Qb1+ f5 48. Qbb7 Qe1+ 49. Kh2 1-0

[Event "*** Titled Tuesday Blitz"]
[Site "Chess.com"]
[Date "2020.04.21"]
[Round "5"]
[White "Irishchessman16"]
[Black "Gahan-MG"]
[Result "0-1"]
[WhiteElo "2393"]
[BlackElo "2596"]
[TimeControl "180+1"]
[EndTime "10:56:56 PDT"]
[Termination "Gahan-MG won by resignation"]

1. d4 Nf6 2. c4 e5 3. dxe5 Ng4 4. Bf4 g5 5. Bd2 Nxe5 6. e4 Bg7 7. Nc3 d6 8. Qc2 Nbc6 9. O-O-O Nd4 10. Qb1 Be6 11.
Be3 Ndc6 12. Nd5 Ng4 13. Nf3 Nxe3 14. Nxe3 g4 15. Ne1 h5 16. g3 Qg5 17. Ng2 Be5 18.
Qc2 a5 19. Kb1 a4 20. Nd5 Qd8 21. c5 a3 22. b3 Bxd5 23. exd5 Nd4 24. Qc4 Qf6 25. Rd2 O-O 26. Nf4 Bxf4 27. gxf4 Nf3 28. Rc2 dxc5 29. Qxc5 Qxf4 30. Bd3 Rfe8 31. d6 Qxd6 32.
Qxh5 Qxd3 33. Qxg4+ Kf8 34. Qb4+ Re7 35. Rc1 Nd4 36.
Qxb7 Rae8 37. Qa7 Nxc2 0-1

[Event "*** Titled Tuesday Blitz"]
[Site "Chess.com"]
[Date "2020.04.21"]
[Round "5"]
[White "qqwow"]
[Black "BIG_Pirate"]
[Result "0-1"]
[WhiteElo "2506"]
[BlackElo "2402"]
[TimeControl "180+1"]
[EndTime "10:56:58 PDT"]
[Termination "BIG_Pirate won by checkmate"]

1. d4 d5 2. c4 c6 3. Nf3 Nf6 4. Qc2 g6 5. e3 Bg7 6. b3 Bf5 7. Bd3 Bxd3 8. Qxd3 O-O 9. Bb2 Ne4 10. Nbd2 Nxd2 11. Qxd2 Nd7 12. O-O Re8 13. cxd5 cxd5 14. Rac1 Qb6 15. h3 Rac8 16. Ne5 Nxe5 17. dxe5 e6 18. Bd4 Qa6 19. a4 b6 20. f4 Bf8 21.
Kh2 Rxc1 22. Rxc1 Rc8 23. Rxc8 Qxc8 24. Qe2 h5 25. g4 hxg4 26. hxg4 Be7 27. Kg3 Kg7 28.
Qd2 Qh8 29. g5 Qc8 30. Qd3 Qc1 31. Qb5 Bc5 32. Bxc5 bxc5 33. Qd3 c4 34. bxc4 dxc4 35. Qd4 c3 36. Qxa7 Qg1+ 37. Kf3 Qf1+ 38. Kg3 c2 39.
Qe7 Qe1+ 40. Kf3 Qd1+ 41. Kg3 c1=Q 42. Qf6+ Kg8 43. f5 Qxe3+ 44. Kg2 Qdg1# 0-1

[Event "*** Titled Tuesday Blitz"]
[Site "Chess.com"]
[Date "2020.04.21"]
[Round "5"]
[White "GuerrieroFromLevant"]
[Black "Zubrrr"]
[Result "1/2-1/2"]
[WhiteElo "2421"]
[BlackElo "2679"]
[TimeControl "180+1"]
[EndTime "10:56:59 PDT"]
[Termination "Game drawn by repetition"]

1. e4 c5 2. Nf3 d6 3. Bb5+ Nd7 4. Ba4 Nf6 5. O-O Nxe4 6. Re1 Nf6 7. d4 cxd4 8. Nxd4 e6 9. Nb5 Be7 10. Nxd6+ Kf8 11. Nxc8 Rxc8 12. Nc3 Nc5 13. Qxd8+ Rxd8 14. Bb3 a6 15. h3 Nxb3 16. axb3 Bb4 17. Bg5 Ke7 18.
Rad1 h6 19. Bh4 g5 20. Bg3 Bxc3 21. bxc3 Rxd1 22. Rxd1 Ne4 23. Be5 f6 24. f3 fxe5 25. fxe4 Rc8 26. Rd3 a5 27. c4 b5 28. cxb5 Rxc2 29.
b6 Rc6 30. Kf2 Rxb6 31. Kg3 Rb4 32. Kf3 h5 33. Ke3 Ke8 34. Kf3 Rd4 35. Rc3 Kd7 36. Rc5 Kd6 37. Rxa5 Rd3+ 38. Kf2 Rxb3 39. Ra6+ Ke7 40.
Ra7+ Kf6 41. Ra4 Rb2+ 42. Kf3 Rb3+ 43. Kf2 g4 44. h4 Rc3 45. g3 Rf3+ 46. Kg2 Kf7 47.
Ra7+ Kg6 48. Ra6 Kf6 49. Ra4 Kf7 50. Ra7+ Kg6 51. Ra6 Kf6 52. Ra4 1/2-1/2

[Event "*** Titled Tuesday Blitz"]
[Site "Chess.com"]
[Date "2020.04.21"]
[Round "5"]
[White "ftorodent"]
[Black "AnishGiri"]
[Result "0-1"]
[WhiteElo "2668"]
[BlackElo "3013"]
[TimeControl "180+1"]
[EndTime "10:57:00 PDT"]
[Termination "AnishGiri won by resignation"]

1. d4 Nf6 2. c4 g6 3. Nc3 d5 4.
Nf3 Bg7 5. cxd5 Nxd5 6. Bg5 Nxc3 7.
bxc3 c5 8. e3 Qa5 9. Qd2 Bf5 10.
Be2 Nc6 11. O-O O-O 12. Qb2 cxd4 13. cxd4 e5 14. Qxb7 exd4 15. Nxd4 Nxd4 16. exd4 Bxd4 17. Rad1 Rab8 18. Qf3 Qc5 19. Rc1 Qb6 20. Bc4 Be6 21.
Qb3 Qxb3 22. axb3 Bxc4 23. Rxc4 Bb6 24. b4 Rfc8 25. Rfc1 Re8 26. Kf1 Kg7 27. Bd2 Rb7 28. Bc3+ Kf8 29. Re1 Rd8 30. Re3 f5 31. Re6 Kf7 32.
Rf6+ Ke8 33. Rcc6 Re7 34. Rce6 Rd3 35. Be5 Rd2 36. Rxe7+ Kxe7 37. Rc6 Rxf2+ 38. Ke1 Rxg2 39. Bc7 Kd7 0-1

[Event "*** Titled Tuesday Blitz"]
[Site "Chess.com"]
[Date "2020.04.21"]
[Round "5"]
[White "MathiasWomacka"]
[Black "bakki78"]
[Result "0-1"]
[WhiteElo "2455"]
[BlackElo "2768"]
[TimeControl "180+1"]
[EndTime "10:57:01 PDT"]
[Termination "bakki78 won by resignation"]

1. e4 c5 2. Nf3 Nc6 3. d4 cxd4 4. Nxd4 Nf6 5. Nc3 d6 6. Be2 e5 7. Nf3 h6 8. O-O Be7 9. Re1 O-O 10. h3 b6 11. Bf1 Bb7 12. b3 Rc8 13. Bb2 Nb8 14. a4 a6 15. Nd2 Nbd7 16. Nc4 Nc5 17. f3 Ne6 18. a5 b5 19. Nb6 Rb8 20. Ncd5 Nxd5 21.
Nxd5 Bh4 22. Re3 Bxd5 23. Qxd5 Qc7 24. c4 Qa7 25. Qd2 Bg5 26. Re1 Nc5 27. Qf2 Bxe3 28. Qxe3 b4 29. Kh2 Qc7 30. Ra1 Rfe8 31. Bc1 Ne6 32. Bd2 Qc5 33. Qe1 Nd4 34. Be3 Qc7 35. Qd1 Ne6 36. Qd2 Nc5 37. Qc2 Re6 38. g3 Rf6 39.
Bg2 h5 40. h4 Ne6 41. Qd2 Nc5 42. Qc2 Rg6 43. Bh3 Ne6 44. Qd2 Nd4 45. Bxd4 exd4 46. Qxd4 d5 47. f4 dxc4 48. Qxc4 Qxc4 49. bxc4 b3 50. Rb1 b2 51. e5 Rc6 52. Bf1 Rc5 0-1

[Event "*** Titled Tuesday Blitz"]
[Site "Chess.com"]
[Date "2020.04.21"]
[Round "5"]
[White "Quiet_Desperation"]
[Black "fusaran"]
[Result "1-0"]
[WhiteElo "1978"]
[BlackElo "2450"]
[TimeControl "180+1"]
[EndTime "10:57:01 PDT"]
[Termination "Quiet_Desperation won by resignation"]

1. e4 c5 2. d4 cxd4 3. c3 dxc3 4. Nxc3 Nc6 5. Nf3 d6 6. Bc4 a6 7. O-O Nf6 8. Qe2 e6 9. Rd1 Qc7 10. Bf4 Ne5 11. Nxe5 dxe5 12. Rac1 exf4 13. Nb5 Qe5 14. Nc7+ Qxc7 15. Bb5+ Qd7 16. Bxd7+ Bxd7 17. Qd2 Bc6 18. Qxf4 Be7 19. Qc7 Bd8 20. Qe5 Bb6 21. Rxc6 bxc6 22.
Qd6 Rc8 23. Qb4 Bd8 24. Qb7 Rc7 25. Qb8 Rd7 26. Rxd7 Nxd7 27. Qd6 c5 28. Qxa6 O-O 29. Qc6 Nf6 30. a4 Ng4 31. h3 Ne5 32. Qxc5 Bf6 33. a5 Nd3 34. Qc6 Bd4 35. a6 Nxf2 36. Kf1 Nd3 37. Qc4 Bxb2 38. Qxd3 Be5 39. a7 f6 40. Qd7 Bd4 41. Qxd4 Kh8 1-0

[Event "*** Titled Tuesday Blitz"]
[Site "Chess.com"]
[Date "2020.04.21"]
[Round "5"]
[White "Phenix2k"]
[Black "NiranjanNavalgund"]
[Result "1-0"]
[WhiteElo "2299"]
[BlackElo "2475"]
[TimeControl "180+1"]
[EndTime "10:57:03 PDT"]
[Termination "Phenix2k won by checkmate"]

1. d4 d5 2. Nf3 e6 3. g3 Be7 4. Bg2 Nf6 5. O-O O-O 6. c4 c6 7. Qc2 b6 8. Nbd2 Bb7 9. e4 Na6 10. e5 Nd7 11. cxd5 cxd5 12. a3 Rc8 13. Qd1 f6 14.
Re1 fxe5 15. Nxe5 Nxe5 16. Rxe5 Bf6 17. Rxe6 Bxd4 18. Nf3 Bc5 19. b4 Nc7 20. Re1 Bd6 21.
Bb2 Nb5 22. Nd4 Nxd4 23. Qxd4 Rc7 24. Bxd5+ Bxd5 25. Qxd5+ Kh8 26. Rad1 Rd7 27. Be5 Bxe5 28. Qxd7 Qf6 29. Re2 h6 30. Qd5 Bc3 31. Qe6 Qf3 32. Qe4 Qf6 33. Rd7 a5 34. Kg2 axb4 35. axb4 b5 36.
h4 Rg8 37. Re7 Qd6 38. Re8 Bxb4 39. Rxg8+ Kxg8 40. Qa8+ Kh7 41. Re8 Kg6 42. Qe4+ Kf7 43. h5 Bc5 44. Ra8 Qf6 45. Qe8# 1-0

[Event "*** Titled Tuesday Blitz"]
[Site "Chess.com"]
[Date "2020.04.21"]
[Round "5"]
[White "stefan_95"]
[Black "Bryakin_Mikhail"]
[Result "1-0"]
[WhiteElo "2647"]
[BlackElo "2784"]
[TimeControl "180+1"]
[EndTime "10:57:04 PDT"]
[Termination "stefan_95 won by checkmate"]

1. d4 e6 2. Nf3 f5 3. g3 Nf6 4.
Bg2 c6 5. O-O d5 6. c4 Bd6 7.
Nc3 O-O 8. Qc2 Qe7 9. Bg5 Bd7 10. Rab1 Be8 11. b4 a6 12. c5 Bc7 13. a4 h6 14.
Bxf6 Qxf6 15. e3 Bh5 16. b5 axb5 17. axb5 Nd7 18. bxc6 bxc6 19. Rb7 Rfc8 20. Na2 Bxf3 21. Bxf3 e5 22. Nb4 e4 23. Be2 g5 24. Na6 Rxa6 25. Bxa6 Nb8 26. Be2 Nd7 27. Qa4 Nf8 28. Qa7 Ne6 29.
Rfb1 h5 30. Bxh5 g4 31. Qa6 Nd8 32. Ra7 Qe6 33. Ra8 Rxa8 34. Qxa8 Kg7 35. Ra1 Qe7 36.
Ra7 Kh6 37. Qc8 Ne6 38. Be8 f4 39. Bd7 fxe3 40. fxe3 Qg5 41. Qh8+ Kg6 42. Be8+ Kf5 43. Qh7+ Kf6 44. Qf7# 1-0